[Event "FIDE World School-ch O-11 2025"]
[Site "Vrnjacka Banja"]
[Date "2025.03.25"]
[Round "6.2"]
[White "Uzdemir, Ali Poyraz"]
[Black "Zhauynbay, Alimzhan"]
[Result "0-1"]
[Annotator "TA"]
[ECO "B33"]
[WhiteElo "2184"]
[BlackElo "1927"]
[PlyCount "84"]
[EventDate "2025.03.19"]
[EventType "swiss"]
[EventCountry "SRB"]
[SourceTitle "playchess.com"]
[Source "ChessBase"]
[SourceQuality "1"]
[TimeControl "5400+30"]

1. e4 c5 2. Nf3 Nc6 3. d4 cxd4 4. Nxd4 Nf6 5. Nc3 e5 6. Ndb5 d6 7. Bg5 a6 8. Na3 b5 9. Nd5 Be7 10. Bxf6 Bxf6 11. c4 b4 12. Nc2 a5 13. Qf3 {[%emt 0:00:07] B33: Sicilian: Pelikan and Sveshnikov Variations.} Be7 {[%emt 0:02:30] Recently 13...Be6 got a lot of attention.} 14. Rd1 O-O 15. c5 {[%emt 0:00:58] The position is equal.} Be6 16. Nxe7+ (16. Bc4 $14 {stays ahead.}) 16... Qxe7 $146 (16... Nxe7 17. cxd6 Nc6 18. b3 Qd7 19. Be2 Nd8 20. O-O Nb7 21. Qg3 Nxd6 22. Qxe5 Rfd8 {1-0 Mateus,A (2241)-Ortega,M Valle Region-ch U26 2009 (4.9)}) 17. cxd6 Qb7 {[%emt 0:03:40][%cal Ob4b3] Black sacrificed a pawn} 18. Qd3 b3 19. axb3 Bxb3 {[%emt 0:02:02] Black is more active.} (19... Nb4 $1 $17 20. Nxb4 Qxb4+ 21. Qc3 Qxe4+ 22. Qe3 Qb4+ (22... Qxe3+ 23. fxe3 Bxb3 24. Rd3 $17) 23. Qc3 Bxb3 (23... Qxb3 24. Qxb3 Bxb3 25. Rd2 $15)) 20. Qb5 $15 Qxb5 21. Bxb5 Na7 ({Of course not} 21... Bxc2 22. Bxc6 Ra6 23. Bb7 $11) (21... Nb4 22. Nxb4 axb4 (22... Bxd1 23. Nc6 $14) 23. Rc1 $14) 22. Bd3 Rad8 23. Rd2 Rxd6 {[%emt 0:01:23] [#]} 24. Ne3 {[%emt 0:00:00] Loses the game.} (24. Be2 $15 Rfd8 25. Rxd6 Rxd6 26. Ne3) 24... Rfd8 $19 {[%emt 0:02:47] Black has strong rooks and is better} 25. Ke2 Nc6 $36 {[%emt 0:02:23][%mdl 2048] White is under strong pressure.} 26. Rc1 {[%emt 0:00:00] [#]} (26. Nd5 $142) 26... Nb4 $1 27. Rc3 a4 28. g3 Kf8 29. f4 f6 30. fxe5 (30. Nd5 $142 Bxd5 (30... Nxd5 $2 31. exd5 Rxd5 32. fxe5 $17) 31. fxe5 fxe5 32. exd5 Rxd5 33. Rd1) 30... fxe5 31. g4 g5 32. h3 h6 33. Nf5 Rxd3 34. Rdxd3 Nxd3 35. Rc6 Nxb2 36. Rf6+ Ke8 {[%emt 0:00:07] ...a3 is the strong threat.} 37. Rxh6 a3 {[%emt 0:00:29] ( -> ...a2)} 38. Rh8+ Kd7 {[%emt 0:00:05] Black mates.} 39. Rh7+ Kc6 40. Rh6+ Kc5 41. Ne3 a2 42. Ra6 Na4 {[%emt 0:00:07] Weighted Error Value: White=0.94/Black=0.03 (flawless)   Mistake:       	White=4     	Black=1      Inaccurate:     	White=3     	Black=1      OK:         	White=6     	Black=11     Best:        	White=1     	Black=4      Strong:       	---       	Black=1} 0-1